AoeStats
← Caribe

Scandinavia

510477682Analyzed
1v1 RM · 20h ago on Oct 1, 2026· 27m 5s· 2 players
Game mode
Random Map
Map size
Tiny (2 player)
Population
200
Speed
Normal
Resources
Standard
Victory
Conquest
Starting age
Dark Age
Ending age
Imperial Age
RankedLock teamsTeams togetherTeam positionsShared explorationLock speedFull tech treeHidden civsTurbo modeCheats
Victory
Defeat
🇺🇸 Mongols · United States
1198
+19
🇻🇪 Vietnamese · Venezuela
1254
-19
EitherGiraffe73
4:41 Loom
7:14 Feudal Age
9:04 Double-Bit Axe
16:06 Bloodlines
23:42 Castle Age
21:58 Forging
23:02 Scale Barding Armor
24:37 Husbandry
25:40 Iron Casting
25:22 Bow Saw
Caribe
6:35 Loom
9:20 Feudal Age
21:19 Castle Age
21:49 Wheelbarrow
22:34 Bloodlines
24:08 Husbandry
26:05 Pikeman
26:45 Squires
27:30 Forging
Connection lost

Rejoining the realm…

Still unreachable

The connection could not be restored.

Session expired

The server has moved on; the page needs a fresh start.